cohdb
Replays
Latest Replays
All Replays
Popular Replays
Top Player Replays
Match Explorer
How It Works
Community
CoH3 Stats
Reddit
Sign in to upload your games and track your stats! →
Sign in with Steam
Match 46850023
Unlisted
Match 46850023
Overview
Messages
Build Orders
End
Selects Armored Battlegroup
Selects Veteran Crews
Construct Barracks
Engineer Squad
1⁄4-ton 4x4 Truck
Riflemen Squad
Riflemen Squad
Grenade Package
Mechanized Support Center
Construct Medical Station
Construct Motor Pool
Riflemen Squad
Selects Strength in Steel
M8 Greyhound Armored Car
Improvised Armor
M1 Anti-tank Gun Team
Riflemen Squad
M1918 Browning Automatic Rifles
Selects Seek and Destroy
Selects UNKNOWN (2160077)
Designate Forward Repair Station
Construct Tank Depot
AT3
Kirky
萧天
sewage bill
TeamSpeakUser
LITTLE TRICKSTER
0
0
Comments
sign in to comment!
No comments posted yet!